 Dungeon Crawl Stone Soup version 0.25.1-2-g60ff931df9 (webtiles) character file.

Game seed: 4348512436844050592

39 MajorAdolf the Sneak (level 3, -1/39 HPs)
             Began as a Naga Wanderer on Oct 6, 2020.
             Slain by an orc
             ... wielding a +2 mace of protection
              (5 damage)
             ... on level 2 of the Dungeon.
             The game lasted 00:01:04 (1336 turns).

MajorAdolf the Sneak (Naga Wanderer)                Turns: 1336, Time: 00:01:05

Health: -1/39      AC:  3    Str: 16    XL:     3   Next: 47%
Magic:  3/3        EV:  9    Int: 10    God:
Gold:   65         SH:  0    Dex: 11    Spells: 2/2 levels left

rFire    . . .     SeeInvis +   a - +2 falchion
rCold    . . .     Gourm    .   (no shield)
rNeg     . . .     Faith    .   d - +0 robe
rPois    +         Spirit   .   (no helmet)
rElec    .         Reflect  .   (no cloak)
rCorr    .         Harm     .   l - +0 pair of gloves
MR       .....                  (no barding)
Stlth    +++.......             (no amulet)
HPRegen  0.13/turn              (no ring)
MPRegen  0.08/turn              (no ring)

@: short of breath, very slow
A: large, see invisible, deformed body, poison resistance, slowness 2, slow
metabolism 1, spit poison 1, AC +1
a: Spit Poison


You were on level 2 of the Dungeon.
You were not hungry.

You visited 1 branch of the dungeon, and saw 2 of its levels.

You collected 65 gold pieces.

Inventory:

Hand Weapons
 a - a +2 falchion (weapon)
 b - a +0 spear
 e - a +0 dagger
Armour
 d - a +0 robe (worn)
 l - a +0 pair of gloves (worn)
Scrolls
 g - a scroll of amnesia {unknown}
 h - 3 scrolls of blinking {unknown}
 j - 3 scrolls of teleportation {unknown}
 k - 2 scrolls of enchant weapon {unknown}
 m - a scroll of identify {unknown}
Potions
 c - a potion of curing
 i - a potion of cancellation {unknown}
 n - 2 potions of stabbing {unknown}
 p - a potion of lignification {unknown}
Comestibles
 f - 4 rations
 o - 3 chunks of flesh


   Skills:
 - Level 5.0 Fighting
 - Level 1.0 Long Blades
 - Level 1.0 Dodging
 + Level 6.8 Stealth


You had 2 spell levels left.
You didn't know any spells.
Your spell library was empty.

Dungeon Overview and Level Annotations

Branches:
Dungeon (2/15)

Altars:


Innate Abilities, Weirdness & Mutations

You cannot wear boots.
Your serpentine skin is tough. (AC +1)
You have supernaturally acute eyesight. (SInv)
Armour fits poorly on your strangely shaped body.
Your system is resistant to poisons. (rPois)
You cover ground very slowly.
You have a slow metabolism.
You can spit poison.


Message History

The orc hits you with a +2 mace of protection.
You barely miss the orc.
The orc hits you with a +2 mace of protection.
You hit the orc.
The orc is heavily wounded.
The orc hits you with a +2 mace of protection.
You are too injured to fight recklessly!
You are too injured to fight recklessly!
Press: ? - help, Shift-Dir - straight line, f - orc
Aim: an orc, wielding a +2 mace of protection, wearing a +0 leather armour and quivering 13 stones (heavily wounded)
The splash of poison misses the orc.
You feel slightly more hungry.
The orc hits you with a +2 mace of protection.
You barely miss the orc.
The orc is heavily wounded.
The orc hits you with a +2 mace of protection!
* * * LOW HITPOINT WARNING * * *
You hit the orc but do no damage.
The orc is heavily wounded.
The orc hits you with a +2 mace of protection.
You die...

#...........# #
#...........#
#...........#
#............###
#.......####.#)##
#.......# #.#..##
############.....##.
#..<........
#.@.....####
#.o...### .......#
.......###
.........#
.#.......# #######'#
..


You could see an orc.

Vanquished Creatures
  An adder (D:2)
  An ooze (D:2)
  A dart slug (D:1)
  2 leopard geckos (D:2)
  A goblin (D:1)
  5 hobgoblins
  3 jackals (D:2)
  3 bats (D:1)
  A frilled lizard (D:2)
  2 kobolds (D:2)
  2 rats (D:2)
22 creatures vanquished.

Notes
Turn   | Place    | Note
-------+----------+-------------------------------------------
     0 | D:1      | MajorAdolf the Naga Wanderer began the quest for the Orb.
     0 | D:1      | MajorAdolf set off with the following items: a +2 falchion,
                  | a +0 spear, a potion of curing, a +0 robe, a +0 dagger, a
                  | ration
     0 | D:1      | Reached XP level 1. HP: 25/25 MP: 1/1
   381 | D:1      | Reached skill level 5 in Stealth
   386 | D:1      | Reached XP level 2. HP: 15/32 MP: 2/2
  1045 | D:2      | Reached skill level 6 in Stealth
  1045 | D:2      | Reached XP level 3. HP: 39/39 MP: 3/3
  1336 | D:2      | Slain by an orc

Illustrated notes

Levels and vault maps discovered:
D:1:      dpeg_chamrin_arrival_tetris, layout_basic, patterned_corridor
D:2:      layout_basic, serial_forest, infiniplex_forest_clump_small,
          infiniplex_forest_side_room, infiniplex_forest_lined_room_2,
          infiniplex_forest_lined_room_, infiniplex_forest_lined_room_3,
          amethyst_killhole, kennysheep_generic_room_16

Skill      XL: |  1  2 |
---------------+-------+-----
Stealth        | 5 6 |  6.8
Fighting       | |  5.0
Long Blades    | |  1.0
Dodging        | |  1.0

Action                   || total
-------------------------++-------
Melee: Falchion          ||    46
 Abil: Spit Poison       ||     3
 Stab: Sleeping          ||     9
       Distracted        ||     1
  Eat: Chunk             ||     1
Armor: Robe              ||     3
Dodge: Dodged            ||    23
       Rpst.: Falchion   ||     9
